Map: Rifts to Korhal

Players

NamroodTuo

  • Race: Zerg Zerg

Doomsday

  • Race: Zerg Zerg

VOD

Have the link to the VOD?

Description

Time

  • Played on: Jan. 18, 2023, 8:53 a.m.
  • Length: 20:45
Show
View Real Time Build Order
Export as new Build Order

NamroodTuo Zerg 

Build Orders:  

Get SALT Encoding   

  12  0:04  Infested SCV  
  13  0:12  Infested SCV  
  13  0:19  Infested SCV  
  15  0:31  Overlord  
  15  0:51  Infested Barracks  
  15  1:00  Infested SCV  
  15  1:01  Infested SCV  
  15  1:08  Infested SCV  
  18  1:19  Infested Refinery  
  18  1:27  Infested Refinery  
  18  1:28  Infested SCV  
  19  1:42  Overlord  
  19  1:53  Infested Marine  
  20  2:03  Infested Marine  
  20  2:04  Infested Marine  
  22  2:12  Infested SCV x2  
  22  2:15  Infested Engineering Bay  
  24  2:29  Infested SCV  
  25  2:32  Infested Marine x3  
  25  2:33  Infested Marine x3  
  31  2:41  Overlord  
  31  3:02  Overlord  
  31  3:12  Infested Barracks, Infested Barracks Tech Lab  
  31  3:17  Infested SCV  
  32  3:25  Regenerative Plating  
  31  3:33  Infested SCV  
  30  3:41  Retinal Augmentation  
  30  3:47  Infested Marine  
  30  3:48  Infested Marine x2  
  30  3:49  Infested Marine  
  34  3:50  Infested Marine  
  34  3:51  Infested Marine  
  34  3:52  Infested Marine  
  34  3:54  Infested Marine  
  34  3:55  Infested Marine  
  34  3:57  Infested Marine  
  34  3:58  Infested Marine  
  35  4:29  Stukov Infantry Weapons Level 1  
  35  4:33  Infested SCV x3  
  35  4:38  Infested SCV  
  39  4:53  Plagued Munitions  
  39  5:10  Infested SCV  
  32  5:34  Infested Bunker  
  32  5:39  Infested SCV  
  34  5:51  Infested Marine  
  34  5:52  Infested Marine x3  
  38  6:01  Infested Marine  
  38  6:03  Infested Marine  
  38  6:07  Infested Barracks  
  40  6:23  Infested Barracks  
  37  7:09  Stukov Infantry Armor Level 1  
  36  7:20  Infested Factory  
  36  7:21  Infested Marine x5  
  36  7:25  Infested Marine x3  
  36  7:26  Infested Marine x3  
  36  7:28  Overlord x5  
  45  7:45  Infested Marine x2  
  47  8:28  Infested Bunker  
  51  8:39  Infested Marine  
  52  8:40  Infested Marine x9  
  52  8:49  Infested Command Center  
  56  9:02  Infested SCV x2  
  56  9:05  Infested SCV  
  53  9:21  Infested Missile Turret  
  53  9:29  Infested Marine  
  52  9:30  Infested Marine x11  
  52  9:37  Overlord  
  63  9:49  Stukov Infantry Weapons Level 2  
  63  10:00  Infested Marine  
  63  10:01  Infested Marine x19  
  73  10:22  Infested Marine x2  
  73  10:23  Infested Marine x13  
  88  10:44  Overlord x2  
  88  10:50  Infested SCV  
  88  10:51  Infested SCV x2  
  88  10:53  Infested SCV  
  92  11:01  Infested SCV  
  84  11:31  Infested Bunker  
  49  12:04  Infested Missile Turret  
  49  12:08  Infested Marine x9  
  49  12:09  Infested Marine x24  
  82  12:22  Infested Marine x7  
  89  12:34  Infested Missile Turret  
  76  13:16  Infested SCV x2  
  76  13:17  Infested Bunker  
  65  13:21  Infested SCV  
  65  13:22  Infested SCV  
  65  13:24  Infested SCV  
  62  13:30  Infested Marine  
  62  13:31  Infested Marine x7  
  70  13:48  Stukov Infantry Armor Level 2  
  70  13:56  Infested Armory  
  70  13:57  Unknown, Overlord  
  70  14:00  Overlord  
  70  14:12  Infested SCV x2  
  70  14:13  Infested SCV  
  69  14:20  Infested SCV  
  69  14:25  Overlord x4  
  67  14:43  Infested Marine  
  67  14:44  Infested Marine x9  
  67  14:45  Infested Marine x21  
  93  14:59  Infested Marine  
  94  15:00  Infested Marine x15  
  94  15:01  Infested Marine x23  
  94  15:02  Infested Marine  
  127  15:20  Infested Marine  
  127  15:21  Infested Marine x20  
  127  15:22  Infested Marine x8  
  127  15:28  Overlord  
  156  15:31  Infested Marine  
  156  15:32  Infested Marine x7  
  161  16:08  Infested Bunker  
  143  16:36  Infested Marine  
  143  16:37  Infested Marine x15  
  143  16:38  Infested Marine x16  
  134  16:44  Overlord x5  
  134  16:45  Overlord  
  134  16:51  Infested Marine x2  
  134  16:52  Infested Marine x3  
  134  16:58  Calcified Armor  
  103  17:16  Infested Marine  
  103  17:17  Infested Marine x12  
  103  17:18  Infested Marine x6  
  122  17:29  Infested Marine x2  
  124  17:30  Infested Marine x16  
  140  17:54  Infested Bunker  
  148  18:12  Infested Marine  
  148  18:13  Infested Marine x9, Infested Bunker  
  148  18:14  Infested Marine  
  148  18:16  Infested Marine  
  148  18:17  Infested Marine x3  
  125  18:37  Infested Marine  
  125  18:38  Infested Marine x13  
  125  18:39  Infested Marine x5  
  143  18:52  Infested Marine  
  143  18:53  Infested Marine x10  
  143  18:54  Infested Marine x24  
  143  18:55  Infested Marine  
  162  19:05  Infested Marine x8  
  162  19:06  Infested Marine x2  
  154  19:16  Infested Marine  
  154  19:17  Infested Marine x7  
Show
View Real Time Build Order
Export as new Build Order

Doomsday Zerg 

Build Orders:  

Get SALT Encoding   

  18  0:05  Primal Drone  
  19  0:19  Extractor  
  19  0:21  Primal Drone  
  20  0:32  Extractor  
  20  0:41  Primal Drone  
  21  0:55  Primal Drone x2  
  21  0:56  Primal Drone  
  24  1:14  Primal Drone  
  25  1:30  Primal Drone  
  25  1:39  Primal Warden  
  27  1:43  Primal Drone  
  28  2:26  Primal Drone x2  
  28  2:27  Primal Drone  
  31  2:46  Primal Drone  
  37  2:54  Primal Hive  
  37  2:57  Primal Drone  
  38  3:14  Glevig's Den  
  38  3:17  Primal Drone  
  38  3:38  Primal Drone  
  39  3:46  Primal Warden  
  39  3:49  Primal Drone  
  41  4:10  Primal Drone  
  41  4:18  Primal Drone  
  44  4:21  Primal Warden  
  44  4:27  Primal Attacks Level 1  
  44  4:34  Primal Drone  
  45  4:49  Primal Drone  
  46  5:00  Primal Drone  
  46  5:06  Murvar's Den  
  46  5:09  Primal Drone  
  47  8:50  Primal Attacks Level 2  
  47  9:15  Dakrun's Den  
  46  9:22  Primal Hive  
  46  9:25  Primal Carapace Level 1  
  46  9:26  Primal Drone  
  46  9:27  Primal Drone x9  
  46  9:29  Extractor x2  
  56  9:38  Primal Swarm Host  
  56  9:39  Primal Swarm Host x13  
  98  10:03  Primal Swarm Host  
  102  10:54  Primal Drone x4  
  102  10:55  Primal Drone x6  
  102  10:57  Primal Warden  
  112  11:13  Primal Drone x2  
  114  11:26  Brutal Charge  
  114  11:28  Primal Drone  
  115  11:31  Primal Drone  
  116  13:00  Primal Attacks Level 3  
  116  13:01  Primal Carapace Level 2  
  116  13:04  Primal Ultralisk  
  116  13:05  Primal Ultralisk x2  
  116  13:06  Primal Zergling  
  116  13:07  Primal Zergling x11  
  146  13:17  Primal Ultralisk  
  146  13:18  Primal Zergling x4  
  156  14:23  Primal Ultralisk x2  
  156  14:24  Primal Zergling  
  156  14:25  Primal Zergling x14  
  183  15:29  Primal Zergling  
  184  15:30  Primal Zergling  
  184  15:31  Primal Swarm Host  
  184  15:32  Primal Swarm Host x4  
  198  16:45  Primal Zergling x2  
Tags
 
Commander
DehakaStukov
Matchup
Co-op
Replay Pack
Multiplayer
Add a new tag
Caveats
  • Supply blocks, unpowered buildings, or Contaminate may cause inaccurate times.
  • Supply counts are checked every 10 seconds.